 Dungeon Crawl Stone Soup version 0.31-a0-183-g4352c244c2 (webtiles) character file.

Game seed: 428899670843415239

17655 Hajna the Cleaver (level 12, -15/116 HPs)
             Began as a Hill Orc Fighter on June 22, 2023.
             Was an Elder of Beogh.
             Demolished by Hajna's ghost (29 damage)
             ... on level 11 of the Dungeon.
             The game lasted 00:38:09 (10674 turns).

Hajna the Cleaver (Hill Orc Fighter)               Turns: 10674, Time: 00:38:10

Health: -15/116    AC: 23    Str: 29    XL:     12   Next: 50%
Magic:  18/18      EV: 10    Int: 10    God:    Beogh [****..]
Gold:   217        SH:  6    Dex: 14    Spells: 11/11 levels left

rFire   + . .        w - +8 trident of the Octopus King {venom, rElec rPois}
rCold   + . .        c - +0 buckler
rNeg    . . .        d - +2 chain mail {rPois}
rPois   +            (no helmet)
rElec   +            q - +0 cloak {Will+}
rCorr   .            V - +2 pair of gloves of the Ego {rF+ rC+ Int+3 Stlth+}
SInv    .            k - +0 pair of boots
Will    +....        S - amulet of faith
Stlth   +            h - +6 ring of strength
HPRegen 1.19/turn    t - +4 ring of protection
MPRegen 0.16/turn

%: faith
@: corroded, hasted, very quick
A: iridescent scales 2, agile 1, deterioration 1, regeneration 1, robust 1
a: Renounce Religion, Smiting, Recall Orcish Followers


You were on level 11 of the Dungeon.
You worshipped Beogh.
Beogh was greatly pleased with you.
You visited 1 branch of the dungeon, and saw 11 of its levels.
You also visited: Sewer and Ossuary.

You collected 841 gold pieces.
You spent 624 gold pieces at shops.

Inventory:

Hand Weapons
 a - a +1 war axe of chaos
 p - the +10 halberd of Deumot Nona {flame, rF- Dex+4}
   (You found it on level 4 of the Dungeon)

   Dex:       It affects your dexterity (+4).
   rF:        It makes you vulnerable to fire.
 v - the +1 scimitar of Ipuaqifa {protect, rPois Str+4 Dex+2}
   (You found it on level 9 of the Dungeon)

   Str:       It affects your strength (+4).
   Dex:       It affects your dexterity (+2).
   rPois:     It protects you from poison.
 w - the +8 trident of the Octopus King (weapon) {venom, rElec rPois}
   (You found it on level 4 of the Dungeon)

   rElec:     It insulates you from electricity.
   rPois:     It protects you from poison.
 x - the +10 long sword of Guross {distort, Drain rC++ Dex+6}
   (You found it on level 11 of the Dungeon)

   Dex:       It affects your dexterity (+6).
   rC:        It greatly protects you from cold.
   Drain:     It drains your maximum health when unequipped.
 N - a +0 broad axe
 T - the +9 orcbow "Yxuitet" {drain, rF- Will+ Int+8}
   (You found it on level 10 of the Dungeon)

   Int:       It affects your intelligence (+8).
   rF:        It makes you vulnerable to fire.
   Will:      It increases your willpower.
Missiles
 e - 27 poisoned darts
 f - 3 curare-tipped darts
 J - 3 throwing nets
 X - 3 boomerangs
Armour
 c - a +0 buckler (worn)
 d - a +2 chain mail of poison resistance (worn)
 k - a +0 pair of boots (worn)
 l - a +0 cloak of preservation
 m - the +4 Cigotuvi's embrace {Corpsefed rMiasma Drain rN+}
   (You found it on level 9 of the Dungeon)

   Corpsefed: It gathers nearby corpses to temporarily increase the armour it
   provides.
   rMiasma:   It protects you from foul pestilence.
   rN:        It protects you from negative energy.
   Drain:     It drains your maximum health when unequipped.
 q - a +0 cloak of willpower (worn)
 V - the +2 pair of gloves of the Ego (worn) {rF+ rC+ Int+3 Stlth+}
   (You bought it in a shop on level 11 of the Dungeon)

   Int:       It affects your intelligence (+3).
   rF:        It protects you from fire.
   rC:        It protects you from cold.
   Stlth:     It makes you more stealthy.
Jewellery
 b - a +6 ring of intelligence
 h - a +6 ring of strength (left hand)
 t - a +4 ring of protection (right hand)
 z - a ring of fire
 O - a +6 ring of dexterity
 P - a ring of ice
 Q - an amulet of magic regeneration
 S - an amulet of faith (around neck)
 W - a ring of ice
Wands
 s - a wand of charming (16)
 y - a wand of flame (7) (quivered)
 A - a wand of polymorph (5)
 L - a wand of light (9)
Scrolls
 n - 6 scrolls of identify
 r - 2 scrolls of fog
 F - 2 scrolls of brand weapon
 G - a scroll of poison
 H - 4 scrolls of teleportation
 K - a scroll of enchant armour
 M - a scroll of blinking
 U - 3 scrolls of fear
Potions
 g - 4 potions of brilliance
 i - 4 potions of enlightenment
 j - 4 potions of curing
 o - a potion of invisibility
 u - a potion of lignification
 B - 5 potions of attraction
 C - 3 potions of ambrosia
 D - 2 potions of haste
 E - a potion of magic
 I - a potion of cancellation
 R - a potion of resistance {unknown}


   Skills:
 + Level 10.1 Fighting
 + Level 14.6(15.4) Axes
 + Level 6.5(10.3) Polearms
 + Level 9.6 Armour
 + Level 3.3 Dodging
 + Level 3.6 Stealth
 + Level 7.0 Shields
 * Level 9.1 Invocations
 + Level 1.1 Evocations


You had 11 spell levels left.
You didn't know any spells.
Your spell library contained the following spells:

 Spells                   Type           Power      Damage    Failure   Level
 Magic Dart               Conj           0%         1d3       83%         1
 Sting                    Tmut/Pois      0%         1d3       83%         1
 Ensorcelled Hibernation  Hex/Ice        0%         N/A       92%         2
 Passwall                 Tmut/Erth      0%         N/A       92%         2
 Poisonous Vapours        Pois/Air       0%         N/A       92%         2
 Sublimation of Blood     Necr           0%         N/A       92%         2
 Wereblood                Tmut           0%         N/A       92%         2
 Ignite Poison            Fire/Tmut/Pois 0%         N/A       99%         3
 Inner Flame              Hex/Fire       0%         N/A       99%         3
 Mephitic Cloud           Conj/Pois/Air  0%         N/A       99%         3
 Swiftness                Air            0%         N/A       99%         3
 Olgreb's Toxic Radiance  Pois           0%         N/A       100%        4
 Petrify                  Tmut/Erth      0%         N/A       100%        4
 Summon Ice Beast         Ice/Summ       0%         N/A       100%        4
 Arcjolt                  Conj/Air       0%         1d10      100%        5
 Freezing Cloud           Conj/Ice/Air   0%         6-21      100%        5
 Metabolic Englaciation   Hex/Ice        0%         N/A       100%        5
 Summon Forest            Summ/Tloc      0%         N/A       100%        5
 Yara's Violent Unravell  Hex/Tmut       0%         3d3       100%        5
 Eringya's Noxious Bog    Tmut/Pois      0%         N/A       100%        6
 Statue Form              Tmut/Erth      0%         N/A       100%        6
 Enfeeble                 Hex            0%         N/A       100%        7
 Summon Hydra             Summ           0%         N/A       100%        7
 Shatter                  Erth           0%         3d5*      100%        9


Dungeon Overview and Level Annotations

Branches:
Dungeon (11/15)            Temple (0/1) D:4            Lair (0/5) D:10
    Orc (0/2) D:11          Sewer (visited)         Ossuary (visited)

Altars:
Dithmenos
Fedhas
Gozag
Qazlal
Ru
Wu Jian
Zin
Jiyva

Shops:
D:4 [   D:11 [

Annotations:
D:11 Hajna's ghost, journeyman HOFi


Innate Abilities, Weirdness & Mutations

You are mostly covered in iridescent scales. (AC +4)
You are agile. (Dex +4, Str/Int -1)
Your body sometimes deteriorates upon taking damage.
Your natural rate of healing is unusually fast.
You are robust. (+10% HP)


Message History

Hajna's ghost says, "Try not to bleed too much."
Hajna's ghost hits you!! Hajna's ghost burns you.
You hit Hajna's ghost but do no damage.
Hajna's ghost is severely damaged.
The slime creature hits you but does no damage.
You hit Hajna's ghost but do no damage.
Hajna's ghost is severely damaged.
Boghold closely misses Hajna's ghost.
You block Hajna's ghost's attack.
You hit Hajna's ghost but do no damage.
Hajna's ghost is severely damaged.
You block the slime creature's attack.
You hit Hajna's ghost.
Hajna's ghost is severely damaged.
Boghold hits Hajna's ghost but does no damage.
Hajna's ghost hits Boghold!!
Hajna's ghost burns Boghold!
You puncture Hajna's ghost!
Hajna's ghost is almost destroyed.
The slime creature hits you!
You barely miss Hajna's ghost.
Hajna's ghost is almost destroyed.
Boghold closely misses Hajna's ghost.
Hajna's ghost hits you!! Hajna's ghost burns you.
You puncture Hajna's ghost!
Hajna's ghost is almost destroyed.
The slime creature hits you!
* * * LOW HITPOINT WARNING * * *
You barely miss Hajna's ghost.
Hajna's ghost is almost destroyed.
Boghold hits Hajna's ghost but does no damage.
Hajna's ghost hits you!
* * * LOW HITPOINT WARNING * * *
Hajna's ghost burns you.
* * * LOW HITPOINT WARNING * * *
The slime creature hits you but does no damage.
You barely miss Hajna's ghost.
Hajna's ghost is almost destroyed.
Boghold hits Hajna's ghost but does no damage.
Hajna's ghost hits you!!
You die...
Beogh appreciates Hajna's ghost's killing of a heretic priest.

######'#............#....#...#..#
#......###########..#######..#...
#.............# #....#...#......
#.........##### #....'...#......
.........##...####....########...
####....##.....#......#...#..#..#
#..#....#$.....'......#...#..#..#
#..#...##_(....'J.....#...#..#..'
#..##### ).....W@.#####......#o.#
#..#...# #.....#o.....##'##..##'#
#..#...# ##...####....#...#..#...
#..#...######## #....#...#..#.".
........#.[#..#####...#####..#...
........'..#..'...#..........#...
####....#..#.o#...'..........#o..
#.......#..#.o######..#####..#o.)
#.......#.o#..o....#.............


You could see a slime creature, Hajna's ghost (ally target) and the friendly
Boghold the orc warrior.

Vanquished Creatures
  Harold (D:11)
  The ghost of skelma the Trooper, a novice OgRe of Vehumet (D:9)
  A hydra (D:9)
  2 two-headed ogres (shapeshifter) (D:9)
  Pikel (D:4)
  A wolf spider zombie (D:9)
  A cyclops (D:11)
  An elephant (D:10)
  A centaur zombie (D:9)
  Maurice (D:11)
  3 centaur skeletons (D:9)
  A gargoyle (D:10)
  Joseph (D:8)
  Psyche (D:9)
  3 kobold demonologists (D:10)
  A komodo dragon (D:11)
  2 hornets
  2 hellwings (D:9)
  Prince Ribbit (D:9)
  A slime creature (D:10)
  A vampire (D:9)
  Sigmund (D:2)
  A wraith (D:10)
  A shadow (D:10)
  7 yaks
  A wyvern (D:7)
  Grum (D:8)
  Eustachio (D:5)
  2 basilisks (D:10)
  A warg (D:11)
  A vampire mosquito (D:10)
  Menkaure (D:7)
  Edmund (D:5)
  2 water moccasins (D:7)
  A meliai simulacrum (D:10)
  3 orc warriors
  An ice beast (D:6)
  3 wolves (D:8)
  2 ogres (D:4)
  5 centaurs
  3 lemures (D:4)
  6 kobold brigands
  Blork the orc (D:5)
  3 bullfrogs
  An elf skeleton (D:7)
  5 gnoll sergeants
  A scorpion (D:7)
  4 wights (D:10)
  A killer bee (D:11)
  4 howler monkeys
  3 human zombies
  A jelly (D:11)
  12 orc priests
  Crazy Yiuf (D:2)
  2 gnoll boudas
  10 hounds
  Ijyb (D:4)
  5 iguanas
  A sleepcap (D:8)
  Terence (D:2)
  6 orc wizards
  2 human skeletons (D:7)
  3 mummies (Ossuary)
  25 gnolls
  9 adders
  An ufetubus (D:4)
  8 worms
  5 dart slugs
  21 orcs
  3 ball pythons
  5 bats
  9 endoplasms
  4 giant cockroaches
  9 goblins
  9 hobgoblins
  9 jackals
  28 kobolds
  4 quokkas
  8 frilled lizards
  A gnoll zombie (Ossuary)
  2 goblin zombies (Ossuary)
  2 hobgoblin zombies (Ossuary)
  2 orc skeletons (D:7)
  An orc zombie (Ossuary)
  5 rats
311 creatures vanquished.

Vanquished Creatures (collateral kills)
  A two-headed ogre (D:10)
  An ugly thing (D:11)
  An orc warrior (D:11)
  A kobold demonologist (D:11)
  A harpy skeleton (D:9)
  A slime creature (D:11)
  A yak (D:11)
  4 killer bees (D:11)
  3 jellies (D:11)
  A gnoll (D:10)
  4 orcs
19 creatures vanquished.

Vanquished Creatures (others)
  An orc sorcerer (D:10)
  An orc warrior (D:11)
  A water moccasin (D:9)
  3 orc priests
  An orc wizard (D:7)
  10 orcs
17 creatures vanquished.

Grand Total: 347 creatures vanquished

Notes
Turn   | Place    | Note
-------+----------+-------------------------------------------
     0 | D:1      | Hajna the Hill Orc Fighter began the quest for the Orb.
     0 | D:1      | Reached XP level 1. HP: 19/19 MP: 1/1
   174 | D:1      | Reached XP level 2. HP: 23/27 MP: 2/2
   522 | D:1      | Reached skill level 3 in Axes
   529 | D:1      | Reached XP level 3. HP: 28/33 MP: 3/3
  1260 | D:2      | Noticed Terence
  1281 | D:2      | Killed Terence
  1282 | D:2      | Reached XP level 4. HP: 14/40 MP: 4/4
  1419 | D:2      | Gained mutation: Your system is resistant to poisons.
                  | (rPois) [potion of mutation]
  1419 | D:2      | Gained mutation: Your magical capacity is low. (-10% MP)
                  | [potion of mutation]
  1455 | D:2      | Noticed Sigmund
  1470 | D:2      | Killed Sigmund
  1471 | D:2      | Reached skill level 5 in Axes
  1471 | D:2      | Reached XP level 5. HP: 39/47 MP: 4/4
  1471 | D:2      | Reached XP level 6. HP: 45/53 MP: 5/5
  1857 | D:2      | Found a runed translucent door.
  1858 | D:2      | Noticed Crazy Yiuf
  2214 | D:2      | Killed Crazy Yiuf
  2352 | D:3      | Found an opulent altar of Gozag.
  2392 | D:3      | Found a glowing drain.
  2408 | Sewer    | Entered a sewer
  2483 | Sewer    | Reached skill level 6 in Axes
  2485 | Sewer    | Reached skill level 5 in Fighting
  2485 | Sewer    | Reached XP level 7. HP: 46/61 MP: 6/6
  2544 | Sewer    | Found a white marble altar of Elyvilon.
  2916 | D:3      | Lost mutation: Your magical capacity is low. (-10% MP)
                  | [potion of mutation]
  2916 | D:3      | Lost mutation: Your system is resistant to poisons. (rPois)
                  | [potion of mutation]
  2916 | D:3      | Gained mutation: You are strong-willed. (Will+) [potion of
                  | mutation]
  2916 | D:3      | Gained mutation: You have hidden genetic defects. [potion
                  | of mutation]
  2916 | D:3      | Gained mutation: Your body sometimes deteriorates upon
                  | taking damage. [potion of mutation]
  3024 | D:3      | Reached skill level 7 in Axes
  3280 | D:4      | Reached skill level 5 in Armour
  3305 | D:4      | Gained mutation: You are clumsy. (Dex -2) [hidden defects]
  3461 | D:4      | Reached skill level 8 in Axes
  3470 | D:4      | Reached skill level 1 in Dodging
  3517 | D:4      | Found a staircase to the Ecumenical Temple.
  3573 | D:4      | Found the +8 trident of the Octopus King {venom, rElec
                  | rPois}
  3595 | D:4      | Gained mutation: You are weak. (Str -2) [hidden defects]
  3595 | D:4      | Lost mutation: You have hidden genetic defects. [hidden
                  | defects expressed]
  3649 | D:4      | Identified the +10 halberd of Deumot Nona {flame, rF-
                  | Dex+4}
  3690 | D:4      | Found Vuez's Armour Emporium.
  3694 | D:4      | Reached XP level 8. HP: 58/68 MP: 8/8
  3694 | D:4      | Noticed Pikel
  3723 | D:4      | Killed Pikel
  3724 | D:4      | Reached skill level 9 in Axes
  3724 | D:4      | Reached skill level 1 in Stealth
  3947 | D:4      | Noticed Ijyb
  3955 | D:4      | Killed Ijyb
  3956 | D:4      | Reached skill level 10 in Axes
  4112 | D:4      | You fall into a shaft and drop 3 floors!
  4122 | D:7      | Noticed Menkaure
  4129 | D:7      | Killed Menkaure
  4296 | D:7      | Noticed a wyvern
  4305 | D:7      | Killed a wyvern
  4306 | D:7      | Reached XP level 9. HP: 65/75 MP: 9/9
  4485 | D:7      | Became a worshipper of Beogh the Brigand
  4532 | D:7      | Found a sand-covered staircase.
  4538 | Ossuary  | Entered an ossuary
  4658 | Ossuary  | Lost mutation: You are clumsy. (Dex -2) [potion of
                  | mutation]
  4658 | Ossuary  | Lost mutation: You are weak. (Str -2) [potion of mutation]
  4658 | Ossuary  | Lost mutation: You are strong-willed. (Will+) [potion of
                  | mutation]
  4658 | Ossuary  | Gained mutation: You are agile. (Dex +4, Str/Int -1)
                  | [potion of mutation]
  4658 | Ossuary  | Gained mutation: Your natural rate of healing is unusually
                  | fast. [potion of mutation]
  4658 | Ossuary  | Gained mutation: You have hidden genetic potential. [potion
                  | of mutation]
  4658 | Ossuary  | Gained mutation: You are partially covered in iridescent
                  | scales. (AC +2) [potion of mutation]
  4742 | D:7      | Reached skill level 11 in Axes
  4755 | D:7      | Reached skill level 5 in Shields
  5313 | D:6      | Reached * piety under Beogh
  5486 | D:6      | Reached skill level 12 in Axes
  5782 | D:6      | Got the Omnibus of the Familiar Dose
  5849 | D:5      | Entered Level 5 of the Dungeon
  5849 | D:5      | Noticed Blork the orc
  5863 | D:5      | Reached skill level 1 in Invocations
  5870 | D:5      | Killed Blork the orc
  5989 | D:5      | Noticed a hornet
  5991 | D:5      | Paralysed by a hornet for 2 turns
  5997 | D:5      | Killed a hornet
  6070 | D:5      | Found a stormy altar of Qazlal.
  6074 | D:5      | Reached XP level 10. HP: 86/86 MP: 11/11
  6249 | D:5      | Noticed Eustachio
  6254 | D:5      | Killed Eustachio
  6266 | D:5      | Gained mutation: You are robust. (+10% HP) [hidden
                  | potential]
  6358 | D:5      | Noticed Edmund
  6363 | D:5      | Killed Edmund
  6481 | D:5      | Found a shadowy altar of Dithmenos.
  6844 | D:8      | Found a glowing silver altar of Zin.
  6923 | D:8      | Noticed Grum
  6938 | D:8      | Killed Grum
  6938 | D:8      | Reached ** piety under Beogh
  7113 | D:8      | Noticed Joseph
  7127 | D:8      | Killed Joseph
  7128 | D:8      | Reached skill level 13 in Axes
  7373 | D:8      | Found a sacrificial altar of Ru.
  7669 | D:9      | Found a runed translucent gate.
  7670 | D:9      | Found a runed translucent gate.
  7671 | D:9      | Found a runed translucent gate.
  7673 | D:9      | Noticed a ten-headed hydra
  7674 | D:9      | Noticed skelma's ghost (novice OgRe)
  7698 | D:9      | Noticed Prince Ribbit
  7724 | D:9      | Killed Prince Ribbit
  7728 | D:9      | Noticed Psyche
  7749 | D:9      | HP: 3/96 [something (23)]
  7759 | D:9      | a gnoll changed into a glowing shapeshifter
  7759 | D:9      | Noticed a glowing shapeshifter (glowing shapeshifter)
  7759 | D:9      | a glowing shapeshifter changed into a glowing orange brain
  7759 | D:9      | Noticed a glowing orange brain (glowing shapeshifter)
  7760 | D:9      | a glowing orange brain changed into a glowing shapeshifter
  7760 | D:9      | Noticed a glowing shapeshifter (glowing shapeshifter)
  7760 | D:9      | a glowing shapeshifter changed into a skyshark
  7760 | D:9      | Noticed a skyshark (glowing shapeshifter)
  7761 | D:9      | a skyshark changed into a glowing shapeshifter
  7761 | D:9      | Noticed a glowing shapeshifter (glowing shapeshifter)
  7761 | D:9      | a glowing shapeshifter changed into an anaconda
  7761 | D:9      | Noticed an anaconda (glowing shapeshifter)
  7762 | D:9      | an anaconda changed into a glowing shapeshifter
  7762 | D:9      | Noticed a glowing shapeshifter (glowing shapeshifter)
  7762 | D:9      | a glowing shapeshifter changed into a steelbarb worm
  7762 | D:9      | Noticed a steelbarb worm (glowing shapeshifter)
  7763 | D:9      | a steelbarb worm changed into a glowing shapeshifter
  7763 | D:9      | Noticed a glowing shapeshifter (glowing shapeshifter)
  7763 | D:9      | a glowing shapeshifter changed into a glowing orange brain
  7763 | D:9      | Noticed a glowing orange brain (glowing shapeshifter)
  7764 | D:9      | a glowing orange brain changed into a two-headed ogre
  7764 | D:9      | Noticed a two-headed ogre (glowing shapeshifter)
  7771 | D:9      | Killed a two-headed ogre
  7772 | D:9      | Reached skill level 5 in Invocations
  7773 | D:9      | Killed a two-headed ogre
  7774 | D:9      | Reached XP level 11. HP: 22/104 MP: 13/15
  7778 | D:9      | Killed Psyche
  7778 | D:9      | Reached *** piety under Beogh
  7787 | D:9      | Gained mutation: You are mostly covered in iridescent
                  | scales. (AC +4) [hidden potential]
  7787 | D:9      | Lost mutation: You have hidden genetic potential. [hidden
                  | potential expressed]
  7959 | D:9      | Found a blossoming altar of Fedhas.
  7962 | D:9      | Found an ornate altar of the Wu Jian Council.
  8262 | D:9      | Reached skill level 14 in Axes
  8271 | D:9      | Found the +4 Cigotuvi's embrace {Corpsefed rMiasma Drain
                  | rN+}
  8287 | D:9      | Reached skill level 1 in Evocations
  8346 | D:9      | Killed an eight-headed hydra
  8351 | D:9      | Killed skelma's ghost
  8361 | D:9      | Identified the +1 scimitar of Ipuaqifa {protect, rPois
                  | Str+4 Dex+2}
  8396 | D:10     | Entered Level 10 of the Dungeon
  8418 | D:10     | Noticed a two-headed ogre
  8423 | D:10     | Killed a two-headed ogre
  8425 | D:10     | Reached skill level 1 in Polearms
  8523 | D:10     | Found a staircase to the Lair.
  8563 | D:10     | Noticed a soul eater
  8647 | D:10     | Reached XP level 12. HP: 116/116 MP: 17/17
  8829 | D:10     | Identified the +9 orcbow "Yxuitet" {drain, rF- Will+ Int+8}
  9027 | D:10     | Reached **** piety under Beogh
  9316 | D:11     | Found Cunaal's Armour Emporium.
  9342 | D:11     | Bought the +2 pair of gloves of the Ego {rF+ rC+ Int+3
                  | Stlth+} for 624 gold pieces
  9363 | D:11     | Found a runed translucent gate.
  9363 | D:11     | Found a runed translucent gate.
  9363 | D:11     | Found a runed translucent gate.
  9367 | D:11     | Noticed Hajna's ghost (journeyman HOFi)
  9386 | D:11     | Noticed Maurice
  9398 | D:11     | Killed Maurice
  9498 | D:11     | Noticed Harold
  9507 | D:11     | Killed Harold
  9508 | D:11     | Reached skill level 10 in Fighting
  9508 | D:11     | Reached skill level 5 in Polearms
  9711 | D:11     | Found a staircase to the Orcish Mines.
  9742 | D:11     | Gained Boghold as an ally
  9765 | D:11     | Identified the +10 long sword of Guross {distort, Drain
                  | rC++ Dex+6}
 10093 | D:11     | Gained Norbak as an ally
 10467 | D:11     | Got the Grimoire of Quicksand and Violence
 10648 | D:11     | Found a viscous altar of Jiyva.
 10663 | D:11     | Your ally Norbak died
 10674 | D:11     | Demolished by Hajna's ghost

Illustrated notes

Levels and vault maps discovered:
D:1:      dpeg_arrival_circle_labyrinth_b, layout_loops_ring, minmay_cupped
D:2:      minmay_razor_zed, layout_basic, kennysheep_potato,
          uniq_crazy_yiuf_cottage, uniq_terence, uniq_sigmund
D:3:      kennysheep_six_static_rooms, layout_loops_ring, grunt_gozag_statues,
          cheibrodos_sewer_entry_sluice
D:4:      layout_rooms, minmay_temple_entry_tees, serial_shops,
          nicolae_shop_scrapyard, feat_on_display, uniq_pikel, uniq_ijyb
D:5:      layout_loops_ring, mainiacjoe_overflow_catch_the_wave,
          minmay_misc_feat_enclosed, uniq_edmund, uniq_eustachio,
          uniq_blork_the_orc
D:6:      layout_basic
D:7:      layout_loops_ring, nicolae_ossuary_entry_catacombs, uniq_menkaure
D:8:      layout_loops_ring, mainiacjoe_overflow_concentric_impassable,
          mainiacjoe_overflow_alcove_2, uniq_grum, uniq_joseph
D:9:      layout_basic, grunt_temple_overflow_open, gammafunk_ghost_hydra_chop,
          hellmonk_guarded_unrand_cigotuvi, uniq_psyche, uniq_prince_ribbit1
D:10:     layout_irregular_city, david_lair_generic,
          minmay_mirror_moons_of_madness
D:11:     layout_grid_maze, david_orc_1_choice, gammafunk_ghost_ooze,
          serial_shops, shop, uniq_harold, uniq_maurice

Skill      XL: |  1  2  3  4  5  6  7  8  9 10 11 12 |
---------------+-------------------------------------+-----
Fighting       | 4 5 6 7 8 9 10 | 10.1
Axes           | 3 5 6 8 10 12 13 14 | 14.6
Shields        | 4 5 6 7 |  7.0
Armour         | 4 5 6 7 8 9 |  9.6
Dodging        | 1 2 3 |  3.3
Stealth        | 2 3 |  3.6
Invocations    | 2 5 7 9 |  9.1
Evocations     | 1 |  1.1
Polearms       | 3 6 |  6.5

Action                     |  1- 3 |  4- 6 |  7- 9 | 10-12 || total
---------------------------+-------+-------+-------+-------++-------
  Melee: War axe           |   114 |    92 |   310 |   254 ||   770
         Trident           |       |       |       |   247 ||   247
         Halberd           |       |       |       |     8 ||     8
 Invoke: Convert to Beogh  |       |       |     1 |       ||     1
  Evoke: Wand              |       |       |       |     7 ||     7
    Use: Potion            |     1 |     1 |     3 |     9 ||    14
         Scroll            |       |     9 |    12 |     4 ||    25
   Stab: Petrified         |       |       |     4 |       ||     4
         Paralysed         |       |       |     3 |     1 ||     4
         Confused          |       |       |       |     3 ||     3
         Distracted        |       |       |       |     2 ||     2
 Armour: Scale mail        |     4 |       |       |       ||     4
         Chain mail        |    50 |    44 |   200 |   301 ||   595
  Dodge: Dodged            |    35 |    41 |   121 |   217 ||   414
  Block: Buckler           |    20 |    19 |    61 |   137 ||   237

Table legend: (Time is in decaauts)
 A = Elapsed time spent in this place.
 B = Non-inter-level travel time spent in this place.
 C = Inter-level travel time spent in this place.
 D = Time resting spent in this place.
 E = Time spent auto-exploring this place.
 F = Levels seen in this place.
 G = Mean time per level.
                   A        B        C        D        E       F      G
               +--------+--------+--------+--------+--------+-----+--------+
         Total |  10701 |  10258 |    443 |      0 |   7916 |  13 |  823.2 |
       Dungeon |  10299 |   9856 |    443 |      0 |   7688 |  11 |  936.3 |
         Sewer |    211 |    211 |      0 |      0 |    132 |   1 |  211.0 |
       Ossuary |    191 |    191 |      0 |      0 |     95 |   1 |  191.0 |
               +--------+--------+--------+--------+--------+-----+--------+

Top non-repeatable levels by time:
    D:11: 1328 daAuts
     D:2: 1262 daAuts
     D:1: 1066 daAuts
     D:7: 1015 daAuts
     D:4: 936 daAuts
    D:10: 915 daAuts
     D:9: 841 daAuts
     D:3: 819 daAuts
     D:8: 774 daAuts
     D:5: 755 daAuts
     D:6: 582 daAuts
   Sewer: 211 daAuts
 Ossuary: 191 daAuts
